 Dungeon Crawl Stone Soup version 0.30-a0-723-gc1506a1cf0 (webtiles) character file.

Game seed: 5151504332419488431

727 voltaire321 the Magician (level 7, -3/40 HPs)
             Began as a Deep Elf Air Elementalist on Jan 29, 2023.
             Was a Follower of Vehumet.
             Killed from afar by a steam dragon (9 damage)
             ... with a ball of steam
             ... on level 6 of the Dungeon.
             The game lasted 00:13:31 (4409 turns).

voltaire321 the Magician (DEAE)                     Turns: 4409, Time: 00:13:31

Health: -3/40      AC:  4    Str:  7    XL:     7   Next: 44%
Magic:  7/16       EV: 13    Int: 20    God:    Vehumet [*.....]
Gold:   193        SH:  4    Dex: 15    Spells: 5/16 levels left

rFire   . . .      SeeInvis .    w - +2 dagger (venom)
rCold   + . .      Faith    .    r - +0 buckler
rNeg    . . .      Spirit   .    t - +1 robe {rC+}
rPois   +          Reflect  .    d - +0 helmet
rElec   .          Harm     .    (no cloak)
rCorr   .          Rampage  .    (no gloves)
Will    .....                    (no boots)
Stlth   ++                       p - amulet of magic regeneration
HPRegen 0.26/turn                s - ring of poison resistance
MPRegen 0.55/turn                (no ring)

@: no status effects
A: no striking features
a: Renounce Religion


You were on level 6 of the Dungeon.
You worshipped Vehumet.
Vehumet was aware of your devotion.
You visited 1 branch of the dungeon, and saw 6 of its levels.

You collected 193 gold pieces.

Inventory:

Hand Weapons
 v - a +0 dagger of freezing
 w - a +2 dagger of venom (weapon)
Missiles
 f - 2 throwing nets
Armour
 d - a +0 helmet (worn)
 r - a +0 buckler (worn)
 t - a +1 robe of cold resistance (worn)
 x - a +0 kite shield
Jewellery
 p - an amulet of magic regeneration (around neck)
 s - a ring of poison resistance (left hand)
Wands
 B - a wand of iceblast (10)
 C - a wand of paralysis (8)
Scrolls
 a - 2 scrolls of enchant armour {unknown}
 c - a scroll of torment {unknown}
 e - a scroll of enchant weapon {unknown}
 h - 3 scrolls of teleportation {unknown}
 j - a scroll of noise {unknown}
 m - 10 scrolls of identify {unknown}
 n - 3 scrolls of blinking {unknown}
 q - 3 scrolls of poison {unknown}
 y - a scroll of magic mapping {unknown}
 A - a scroll of vulnerability {unknown}
Potions
 b - a potion of magic
 g - a potion of brilliance {unknown}
 i - a potion of berserk rage {unknown}
 k - 2 potions of curing {unknown}
 l - 2 potions of degeneration {unknown}
 o - a potion of attraction {unknown}
 u - a potion of invisibility {unknown}
 z - a potion of flight {unknown}


   Skills:
 + Level 2.3 Fighting
 + Level 2.3 Armour
 + Level 4.4 Dodging
 - Level 2.4 Stealth
 + Level 1.9 Shields
 + Level 5.0 Spellcasting
 + Level 3.4 Conjurations
 + Level 4.3 Air Magic


You had 5 spell levels left.
You knew the following spells:

 Your Spells              Type           Power      Damage    Failure   Level
a - Shock                 Conj/Air       80%        1d8       3%          1
b - Static Discharge      Conj/Air       40%        2-4/arc   4%          2
c - Swiftness             Air            22%        N/A       8%          3
d - Sandblast             Erth           10%        2d5       16%         1
e - Airstrike             Air            11%        2d(2-18)  26%         4

Your spell library contained the following spells:

 Spells                   Type           Power      Damage    Failure   Level
 Freeze                   Ice            20%        1d4       16%         1
 Hailstorm                Conj/Ice       11%        3d5       22%         3
 Frozen Ramparts          Ice            10%        1d2       41%         3


Dungeon Overview and Level Annotations

Branches:
Dungeon (6/15)             Temple (0/1) D:5

Altars:
Hepliaklqana
Ru
Trog
Vehumet
Yredelemnul

Shops:
D:3 (   D:4 *(*   D:6 *


Message History

The steam dragon is lightly wounded.
Aiming: Shock (safe; 3% risk of failure)
Press: ? - help, Q - select action, (/) - cycle Shift-Dir - straight line, f/p - steam dragon
Aim: a steam dragon (lightly wounded, 71% to hit)
The zap misses the steam dragon.
The zap hits the steam dragon.
The steam dragon is moderately wounded.
Aiming: Shock (safe; 3% risk of failure)
Press: ? - help, Q - select action, (/) - cycle Shift-Dir - straight line, f/p - steam dragon
Aim: a steam dragon (moderately wounded, 71% to hit)
The zap hits the steam dragon.
The steam dragon is moderately wounded.
The zap hits the steam dragon.
The steam dragon is moderately wounded.
Casting: Shock (safe; 3% risk of failure)
Confirm with . or Enter, or press ? or * to list all spells.
The steam dragon is struck by an arc of lightning.
The steam dragon is heavily wounded.
You are struck by an arc of lightning.
The lightning grounds out.
The steam dragon barely misses you.
The steam dragon claws you but does no damage.
Casting: Static Discharge (safe; 4% risk of failure)
Confirm with . or Enter, or press ? or * to list all spells.
The steam dragon is struck by an arc of lightning.
The steam dragon is heavily wounded.
You are struck by an arc of lightning.
The steam dragon is struck by an arc of lightning.
The steam dragon is severely wounded.
The lightning grounds out.
The steam dragon bites you!
* * * LOW HITPOINT WARNING * * *
The steam dragon claws you but does no damage.
Casting: Static Discharge (safe; 4% risk of failure)
Confirm with . or Enter, or press ? or * to list all spells.
The steam dragon is struck by an arc of lightning.
The steam dragon is severely wounded.
You are struck by an arc of lightning.
* * * LOW HITPOINT WARNING * * *
The lightning grounds out.
The steam dragon breathes steam at you. The ball of steam hits you!
You die...

.... ... ...
... ... ...
###..### ...
.
....#.##8##..
...........
#D...>..>.
#@.......
#..8.∩.8..
..#........
#..#...<....
#. .........
#. ....8....
. .........
.. #.....$...


You could see a steam dragon (catching breath).

Vanquished Creatures
  2 black bears
  An ogre (D:5)
  2 scorpions (D:5)
  A howler monkey (D:4)
  Natasha (thrice) (D:4)
  2 iguanas
  Robin (D:4)
  8 adders
  2 worms (D:2)
  5 dart slugs
  4 orcs
  6 ball pythons
  7 bats
  5 endoplasms
  4 giant cockroaches
  13 goblins
  6 hobgoblins
  3 quokkas
  A frilled lizard (D:2)
  7 kobolds
  7 rats
  A spectral orc (D:3)
91 creatures vanquished.

Vanquished Creatures (others)
  6 fungi
  8 plants (D:2)
14 creatures vanquished.

Grand Total: 105 creatures vanquished

Notes
Turn   | Place    | Note
-------+----------+-------------------------------------------
     0 | D:1      | voltaire321 the Deep Elf Air Elementalist began the quest
                  | for the Orb.
     0 | D:1      | Reached XP level 1. HP: 10/10 MP: 6/6
     7 | D:1      | Noticed an iguana
     7 | D:1      | Noticed an imperial myrmidon
     7 | D:1      | Noticed a yaktaur captain
   297 | D:1      | Reached XP level 2. HP: 16/16 MP: 4/8
  1000 | D:2      | Learned a level 2 spell: Static Discharge
  1204 | D:2      | Reached XP level 3. HP: 20/20 MP: 5/9
  1837 | D:2      | Reached skill level 1 in Fighting
  2106 | D:3      | Found Leyj Omy's Weapon Boutique.
  2124 | D:3      | Reached XP level 4. HP: 25/25 MP: 9/11
  2357 | D:3      | Found a basalt altar of Yredelemnul.
  2552 | D:3      | Found a hazy altar of Hepliaklqana.
  2598 | D:3      | Reached skill level 1 in Armour
  2606 | D:3      | Found a radiant altar of Vehumet.
  2610 | D:3      | Became a worshipper of Vehumet
  2719 | D:4      | Learned a level 3 spell: Swiftness
  2785 | D:4      | Noticed a black bear
  2796 | D:4      | Killed a black bear
  2797 | D:4      | Reached skill level 4 in Spellcasting
  2797 | D:4      | Reached XP level 5. HP: 13/29 MP: 4/13
  2892 | D:4      | Found a sacrificial altar of Ru.
  3059 | D:4      | Noticed Robin
  3067 | D:4      | Reached skill level 1 in Shields
  3074 | D:4      | Killed Robin
  3140 | D:4      | Found Nuott's Assorted Antiques.
  3154 | D:4      | Found Gysex's Weapon Boutique.
  3249 | D:4      | Noticed Natasha
  3276 | D:4      | Killed Natasha
  3277 | D:4      | Reached XP level 6. HP: 26/34 MP: 10/14
  3297 | D:4      | Noticed Natasha
  3304 | D:4      | Killed Natasha
  3329 | D:4      | Found Wyuguank's Assorted Antiques.
  3361 | D:4      | Found a bloodstained altar of Trog.
  3379 | D:4      | Noticed Natasha
  3385 | D:4      | Killed Natasha
  3385 | D:4      | Reached * piety under Vehumet
  3385 | D:4      | Offered knowledge of Sandblast by Vehumet.
  3392 | D:4      | Learned a level 1 spell: Sandblast
  3539 | D:5      | Entered Level 5 of the Dungeon
  3627 | D:5      | Found a staircase to the Ecumenical Temple.
  3671 | D:5      | Reached XP level 7. HP: 37/40 MP: 12/16
  3733 | D:5      | Identified the +8 quarterstaff "Zollianaju" {freeze, rC+
                  | Int+5}
  4331 | D:5      | Reached skill level 5 in Spellcasting
  4399 | D:5      | Learned a level 4 spell: Airstrike
  4400 | D:6      | Noticed a steam dragon
  4400 | D:6      | Found Jeonwut's General Store.
  4409 | D:6      | Killed from afar by a steam dragon

Illustrated notes

Levels and vault maps discovered:
D:1:      onia_arrival_zoo_common, layout_basic, serial_forest,
          infiniplex_forest_straight_2, infiniplex_forest_clump_double,
          infiniplex_forest_straight_4, infiniplex_forest_end_double,
          infiniplex_forest_lined_2
D:2:      wad_lake_hut, layout_basic
D:3:      layout_rooms, nzn_hepliaklqana_mist_gate,
          mainiacjoe_overflow_24_doors, yredelemnul_forgotten_temple_becter,
          serial_shops, nicolae_shop_waterfront, dreamdust_mushroom_princess,
          corexii_corridor_pit
D:4:      layout_loops_ring, mainiacjoe_overflow_boulevard, old_standard_altar,
          serial_shops, kennysheep_mini_moat, nicolae_diamond_shop, shop,
          st_stairs_4, uniq_natasha, uniq_robin, uniq_menkaure
D:5:      layout_gridville, minmay_temple_entry_glass
D:6:      layout_cave_pools, serial_shops, nicolae_stop_n_shop_2,
          nicolae_ossuary_entry_plus, minmay_fire_ice_demons

Skill      XL: |  1  2  3  4  5  6  7 |
---------------+----------------------+-----
Dodging        | 3 4 |  4.4
Fighting       | 1 2 |  2.3
Conjurations   | 2 3 |  3.4
Armour         | 1 2 |  2.3
Spellcasting   | 4 5 |  5.0
Shields        | 1 |  1.9
Air Magic      | 4 |  4.3
Stealth        | |  2.4

Action                     |  1- 3 |  4- 6 |  7- 9 || total
---------------------------+-------+-------+-------++-------
  Melee: Dagger            |     8 |    14 |     4 ||    26
   Cast: Shock             |    95 |    83 |    20 ||   198
         Static Discharge  |     1 |    25 |     8 ||    34
         Sandblast         |       |     2 |       ||     2
   Stab: Sleeping          |       |     2 |       ||     2
 Armour: Robe              |     4 |    10 |     3 ||    17
  Dodge: Dodged            |    15 |    31 |     2 ||    48
  Block: Buckler           |       |     6 |       ||     6

Table legend: (Time is in decaauts)
 A = Elapsed time spent in this place.
 B = Non-inter-level travel time spent in this place.
 C = Inter-level travel time spent in this place.
 D = Time resting spent in this place.
 E = Time spent auto-exploring this place.
 F = Levels seen in this place.
 G = Mean time per level.
                   A        B        C        D        E       F      G
               +--------+--------+--------+--------+--------+-----+--------+
         Total |   4450 |   4321 |    129 |    283 |   3299 |   6 |  741.7 |
       Dungeon |   4450 |   4321 |    129 |    283 |   3299 |   6 |  741.7 |
               +--------+--------+--------+--------+--------+-----+--------+

Top non-repeatable levels by time:
     D:2: 1221 daAuts
     D:1: 910 daAuts
     D:5: 862 daAuts
     D:4: 826 daAuts
     D:3: 620 daAuts
     D:6: 8 daAuts
